 Dungeon Crawl Stone Soup version 0.28-a0-863-g8cecda6153 (webtiles) character file.

Game seed: 14854665543790914624

110 AvatarAndi78 the Covered (level 4, -5/40 HPs)
             Began as a Minotaur Fighter on Nov 18, 2021.
             Slain by a gnoll (13 damage)
             ... on level 3 of the Dungeon.
             The game lasted 00:02:01 (2298 turns).

AvatarAndi78 the Covered (Minotaur Fighter)         Turns: 2298, Time: 00:02:02

Health: -5/40      AC:  7    Str: 21    XL:     4   Next: 61%
Magic:  3/3        EV:  9    Int:  5    God:
Gold:   77         SH:  4    Dex: 10    Spells: 3/3 levels left

rFire   . . .      SeeInvis .   a - +0 war axe
rCold   . . .      Faith    .   c - +0 buckler
rNeg    . . .      Spirit   .   b - +0 scale mail
rPois   .          Reflect  .   (helmet restricted)
rElec   .          Harm     .   (no cloak)
rCorr   .          Rampage  .   (no gloves)
Will    .....                   (no boots)
Stlth   ..........              (no amulet)
HPRegen 0.13/turn               (no ring)
MPRegen 0.08/turn               (no ring)

@: no status effects
A: horns 2, retaliatory headbutt
a: no special abilities


You were on level 3 of the Dungeon.
You visited 1 branch of the dungeon, and saw 3 of its levels.

You collected 77 gold pieces.

Inventory:

Hand Weapons
 a - a +0 war axe (weapon)
Armour
 b - a +0 scale mail (worn)
 c - a +0 buckler (worn)
Scrolls
 e - a scroll of fog {unknown}
 f - a scroll of enchant weapon {unknown}
 i - 2 scrolls of amnesia {unknown}
 j - a scroll of silence {unknown}
Potions
 d - a potion of might
 g - 2 potions of lignification {unknown}
 h - a potion of cancellation {unknown}
 k - a potion of brilliance {unknown}


   Skills:
 + Level 4.2 Fighting
 + Level 4.1 Axes
 + Level 4.5 Armour
 + Level 0.5 Dodging
 + Level 0.2 Stealth
 + Level 4.1 Shields


You had 3 spell levels left.
You didn't know any spells.
Your spell library contained the following spells:

 Spells                   Type           Power      Damage    Failure   Level
 Magic Dart               Conj           0%         1d3       80%         1
 Call Imp                 Summ           0%         N/A       91%         2
 Mephitic Cloud           Conj/Pois/Air  0%         N/A       99%         3


Dungeon Overview and Level Annotations

Branches:
Dungeon (3/15)

Altars:


Innate Abilities, Weirdness & Mutations

You have a pair of horns on your head.
You reflexively headbutt those who attack you in melee.


Message History

No target in view!
No target in view!
Items here: ))) [[[ †. 2 gnolls come into view.
The gnoll shouts!
A gnoll comes into view. It is wielding a +0 flail.
The gnoll shouts!
You hear an angry hiss.
A ball python comes into view.
You slash the gnoll!
The gnoll is almost dead.
The gnoll hits you with a +0 club.
You slash the gnoll!
You kill the gnoll!
The gnoll barely misses you. The gnoll closely misses you.
The gnoll hits you with a +0 halberd.
Things that are here:
a +0 club; a gnoll corpse You closely miss the gnoll.
The gnoll barely misses you.
You hit the gnoll.
The gnoll is lightly wounded.
The gnoll barely misses you.
You barely miss the gnoll.
The gnoll is lightly wounded.
The gnoll barely misses you.
You hit the gnoll.
The gnoll is moderately wounded.
You block the gnoll's attack. The gnoll hits you with a +0 halberd!
You hit the gnoll.
The gnoll is heavily wounded.
The gnoll hits you with a +0 halberd!
You are too injured to fight recklessly!
You are too injured to fight recklessly!
You hit the gnoll.
The gnoll is heavily wounded.
The gnoll hits you with a +0 halberd!
* * * LOW HITPOINT WARNING * * *
You hit the gnoll.
The gnoll is severely wounded.
The gnoll hits you but does no damage. The gnoll hits you with a +0 halberd!
You die...

############
#...@ggS....
#.#########.
#.# #.# #.#
#.#########
#..........
##.#.#.##.#
#.......#.#


You could see 2 gnolls and a ball python.

Vanquished Creatures
  An orc wizard (D:3)
  A gnoll (D:3)
  2 adders (D:2)
  A worm (D:2)
  A dart slug (D:1)
  3 orcs (D:3)
  5 ball pythons
  5 bats (D:1)
  4 endoplasms (D:1)
  A giant cockroach (D:2)
  3 goblins
  6 hobgoblins
  5 jackals
  3 kobolds
  A quokka (D:1)
  3 frilled lizards
  6 rats (D:1)
51 creatures vanquished.

Notes
Turn   | Place    | Note
-------+----------+-------------------------------------------
     0 | D:1      | AvatarAndi78 the Minotaur Fighter began the quest for the
                  | Orb.
     0 | D:1      | Reached XP level 1. HP: 19/19 MP: 0/0
   176 | D:1      | Reached XP level 2. HP: 26/26 MP: 1/1
   367 | D:1      | Found a faded altar of an unknown god.
   493 | D:1      | Reached XP level 3. HP: 33/33 MP: 2/2
  1833 | D:2      | Reached XP level 4. HP: 40/40 MP: 3/3
  2298 | D:3      | Slain by a gnoll

Illustrated notes

Levels and vault maps discovered:
D:1:      dpeg_arrival_chambers_temple_mockup, layout_basic,
          hellmonk_ecumenical_altar_arch_garden, minmay_box_of_dots
D:2:      layout_basic
D:3:      layout_loops_ring, doesnt_xom_only_xom

Skill      XL: |  1  2  3  4 |
---------------+-------------+-----
Fighting       | 4 |  4.2
Armour         | 4 |  4.5
Shields        | 4 |  4.1
Axes           | 3 4 |  4.1
Dodging        | |  0.5
Stealth        | |  0.2

Action                   |  1- 3 |  4- 6 || total
-------------------------+-------+-------++-------
Melee: War axe           |    77 |    18 ||    95
       Headbutt          |    11 |     2 ||    13
Armor: Scale mail        |    35 |     2 ||    37
Dodge: Dodged            |    34 |     9 ||    43
Block: Buckler           |    24 |     2 ||    26

Table legend: (Time is in decaauts)
 A = Elapsed time spent in this place.
 B = Non-inter-level travel time spent in this place.
 C = Inter-level travel time spent in this place.
 D = Time resting spent in this place.
 E = Time spent auto-exploring this place.
 F = Levels seen in this place.
 G = Mean time per level.
                   A        B        C        D        E       F      G
               +--------+--------+--------+--------+--------+-----+--------+
         Total |   2330 |   2190 |    140 |      0 |   1935 |   3 |  776.7 |
       Dungeon |   2330 |   2190 |    140 |      0 |   1935 |   3 |  776.7 |
               +--------+--------+--------+--------+--------+-----+--------+

Top non-repeatable levels by time:
     D:1: 1260 daAuts
     D:2: 970 daAuts
     D:3: 99 daAuts
